Map: Frozen Temple

Players

TLBunny - Winner!

  • Race: Zerg Zerg

derVal

  • Race: Zerg Zerg
  • League: Diamond

VOD

Have the link to the VOD?

Description

Time

  • Played on: Nov. 10, 2016, 2:36 p.m.
  • Length: 4:35
Show
View Real Time Build Order
Export as new Build Order

TLBunny Zerg - Winner!

Build Orders: Pool First 

Get SALT Encoding   

  12  0:01  Drone  
  13  0:13  Overlord  
  13  0:19  Drone  
  14  0:29  Extractor, Drone  
  14  0:39  Drone x2  
  16  0:45  Drone  
  17  0:56  Spawning Pool  
  16  0:57  Drone  
  17  1:07  Overlord  
  17  1:18  Drone  
  18  1:28  Drone  
  19  1:43  Queen  
  19  1:45  Metabolic Boost  
  21  2:00  Zergling x2  
  22  2:01  Zergling x2  
  22  2:02  Hatchery  
  22  2:22  Zergling x4  
  24  2:23  Zergling x2  
  25  3:06  Zergling x10  
  25  3:09  Overlord  
  27  3:40  Zergling x16  
Show
View Real Time Build Order
Export as new Build Order

derVal Zerg 

Build Orders: Pool First 

Get SALT Encoding   

  12  0:00  Drone  
  13  0:13  Overlord  
  13  0:17  Drone  
  14  0:31  Drone x2  
  14  0:35  Drone  
  17  0:47  Extractor  
  17  0:49  Spawning Pool  
  15  0:50  Drone  
  16  0:58  Drone  
  17  1:16  Hatchery  
  16  1:21  Drone x2  
  18  1:34  Drone  
  19  1:40  Zergling x2  
  19  1:46  Queen  
  22  1:52  Overlord  
  22  2:09  Metabolic Boost  
  22  2:13  Zergling x4  
  24  2:30  Zergling x4  
  24  2:35  Drone  
  27  2:56  Queen  
  27  2:57  Queen, Baneling Nest  
  30  2:59  Drone  
  30  3:00  Drone x3  
  34  3:14  Drone  
  34  3:15  Zergling x2  
  31  3:28  Zergling x10  
  31  3:30  Overlord x2  
  36  3:45  Baneling  
  30  4:09  Drone  
  27  4:14  Drone  
  27  4:15  Drone x7  
Tags
 
Add a new tag
Caveats
  • Supply blocks, unpowered buildings, or Contaminate may cause inaccurate times.
  • Supply counts are checked every 10 seconds.